 Dungeon Crawl Stone Soup version 0.30-a0-1124-g6e8f0f562f (webtiles) character file.

Game seed: 13940781338890724941

12219 Zeldest the Basher (level 11, -7/109 HPs)
             Began as a Troll Chaos Knight on Apr 22, 2023.
             Was a Plaything of Xom.
             Mangled by a troll (13 damage)
             ... on level 10 of the Dungeon on Apr 23, 2023.
             The game lasted 00:13:39 (7960 turns).

Zeldest the Basher (Troll Chaos Knight)             Turns: 7960, Time: 00:13:39

Health: -7/109     AC: 16    Str: 25    XL:     11   Next: 59%
Magic:  10/10      EV: 10    Int:  9    God:    Xom [......]
Gold:   793        SH:  4    Dex: 13    Spells: 10/10 levels left

rFire   . . .        p - +0 giant club
rCold   . . .        (shield currently unavailable)
rNeg    . . .        I - +4 troll leather armour
rPois   +            e - +0 hat
rElec   .            y - +0 cloak
rCorr   +            (gloves unavailable)
SInv    .            (boots unavailable)
Will    .....        (no amulet)
Stlth   +            b - ring of Vaixetsu {rPois AC+4 Str+2}
HPRegen 1.98/turn    R - ring of resist corrosion
MPRegen 0.12/turn

%: no passive effects
@: no status effects
A: large, unfitting armour, claws 3, regeneration 1, shaggy fur 2, tough skin 1,
large bone plates 1, agile 1, sense surroundings 1, screaming 1, sturdy frame 1
a: Renounce Religion


You were on level 10 of the Dungeon.
You worshipped Xom.
You were a very special plaything of Xom.
You visited 2 branches of the dungeon, and saw 11 of its levels.

You collected 793 gold pieces.

Inventory:

Hand Weapons
 p - a +0 giant club (weapon)
 L - the +6 war axe of Zuejid {flame, rN+ rCorr Str+3}
   (You found it on level 9 of the Dungeon)

   Str:       It affects your strength (+3).
   rN:        It protects you from negative energy.
   rCorr:     It protects you from acid and corrosion.
 N - a +4 morningstar of freezing
Missiles
 j - 23 javelins
 J - 6 large rocks
Armour
 e - a +0 hat (worn)
 y - a +0 cloak (worn)
 I - a +4 troll leather armour (worn)
 M - +0 fire dragon scales
Jewellery
 b - the ring of Vaixetsu (left claw) {rPois AC+4 Str+2}
   (You found it on level 8 of the Dungeon)

   [ring of protection]

   AC:        It affects your AC (+4).
   Str:       It affects your strength (+2).
   rPois:     It protects you from poison.
 o - a ring of wizardry
 R - a ring of resist corrosion (right claw)
Wands
 s - a wand of flame (38)
 G - a wand of roots (10)
 K - a wand of mindburst (8)
 P - a wand of paralysis (7)
Scrolls
 a - a scroll of butterflies {unknown}
 d - 2 scrolls of brand weapon {unknown}
 f - 5 scrolls of teleportation
 k - a scroll of enchant armour
 n - 2 scrolls of blinking {unknown}
 r - 3 scrolls of magic mapping {unknown}
 t - 6 scrolls of amnesia {unknown}
 x - a scroll of vulnerability {unknown}
 A - 2 scrolls of noise {unknown}
 D - 2 scrolls of fog {unknown}
 E - 2 scrolls of fear {unknown}
 H - 2 scrolls of enchant weapon {unknown}
Potions
 h - a potion of heal wounds
 i - 5 potions of berserk rage
 l - a potion of magic
 m - a potion of lignification
 q - 2 potions of invisibility
 u - a potion of curing
 v - a potion of brilliance {unknown}
 w - a potion of haste {unknown}
 z - 2 potions of flight {unknown}
 B - 2 potions of attraction {unknown}
 C - 4 potions of might
 F - 2 potions of mutation {unknown}
Miscellaneous
 c - a piece from Xom's chessboard (15/15) (quivered)
 g - a box of beasts
 Q - a lightning rod (4/4)


   Skills:
 - Level 7.3 Fighting
 - Level 2.6(6.3) Axes
 + Level 9.9(10.1) Maces & Flails
 - Level 7.3 Throwing
 - Level 1.9 Dodging
 + Level 7.6 Evocations


You had 10 spell levels left.
You didn't know any spells.
Your spell library contained the following spells:

 Spells                   Type           Power      Damage    Failure   Level
 Slow                     Hex            0%         N/A       38%         1
 Blink                    Tloc           0%         N/A       52%         2
 Lesser Beckoning         Tloc           0%         N/A       52%         2
 Momentum Strike          Conj/Tloc      0%         3d8       52%         2
 Static Discharge         Conj/Air       0%         2-2/arc   52%         2
 Confusing Touch          Hex            0%         N/A       77%         3
 Vampiric Draining        Necr           0%         2d6       77%         3
 Airstrike                Air            0%         2d(0-16)  99%         4
 Summon Lightning Spire   Summ/Air       0%         N/A       99%         4


Dungeon Overview and Level Annotations

Branches:
Dungeon (10/15) Zot: 26517  Temple (1/1) D:6 Zot: 5985
   Lair: D:8-11         Orc: D:9-12

Altars:
Ashenzari
Cheibriados
Elyvilon
Hepliaklqana
Kikubaaqudgha
Makhleb
Okawaru
Sif Muna
Trog
Uskayaw
Vehumet
Xom
Yredelemnul
Zin

Annotations:
D:6 2 runed translucent doors
D:8 2 transporters, exclusion: ice statue, crux's ghost, novice OpTm


Innate Abilities, Weirdness & Mutations

You are too large for most types of armour.
You have claws for hands.
Your natural rate of healing is unusually fast.
You are covered in thick fur. (AC +2)
You have tough skin. (AC +1)
You are partially covered in large bone plates. (SH +4)
You are agile. (Dex +4, Str/Int -1)
You passively map a small area around you.
You occasionally shout uncontrollably at your foes.
Your movements are slightly less encumbered by armour. (ER -2)


Message History

The two-headed ogre hits you with a +0 giant club!
The two-headed ogre hits you with a +0 giant club.
The kobold demonologist looks encouraged for a moment.
The troll attacks as you move away! The troll bites you. The troll claws you.
The troll claws you but does no damage.
The two-headed ogre attacks as you move away!
The two-headed ogre barely misses you. x2; The hornet stings the yak.
The yak is poisoned.
The yak seems to slow down.
The hornet stings the yak!
The yak seems to slow down.
You catch the helpless yak completely off-guard!
You bludgeon the yak!!
You kill the yak!
The troll is no longer moving slowly.
The troll bites the troll!
The troll claws the troll!
The troll closely misses the troll.
The troll bites you but does no damage. The troll barely misses you.
The troll claws you but does no damage. The hornet stings you.
You feel yourself slow down.
The hornet stings itself.
You barely miss the hornet.
The hornet is heavily wounded.
You feel yourself speed up. The two-headed ogre closely misses you.
The two-headed ogre barely misses you.
The troll says, "Why is everything spinning?"
The kobold demonologist looks braver for a moment.
The troll bites you. You block the troll's attack.
The troll claws you but does no damage.
The hornet buzzes around in tight circles.
The hornet stings you. The troll bites you but does no damage.
The troll claws you! The troll claws you but does no damage.
The troll bites you!
* * * LOW HITPOINT WARNING * * *
You block the troll's attack. The troll claws you but does no damage.
The two-headed ogre hits you with a +0 giant club!
* * * LOW HITPOINT WARNING * * *
The two-headed ogre hits you with a +0 giant club!
* * * LOW HITPOINT WARNING * * *
You bludgeon the hornet!!
The hornet is almost dead.
The hornet barely misses you. The troll bites you!
You die...
Xom snickers!

#.# ..
#.# ###
..
#..#.#
*#...#
#.# #y##
#T@#
##OT#
#.KW##
*#....##
#..##D.#
##.
##.## #
## #..##
#
##..###
#
##...##
#


You could see a two-headed ogre, a kobold demonologist, 2 trolls, a hornet
(confused), a wraith and an acid dragon.

Vanquished Creatures
  Erica (D:10)
  3 two-headed ogres
  A glowing orange brain (D:8)
  A cyclops (D:8)
  A gargoyle (D:10)
  A kobold demonologist (D:9)
  Grinder (D:5)
  A hornet (D:9)
  2 wyverns (D:7)
  3 yaks (D:10)
  A vampire (D:10)
  Eustachio (D:4)
  A steam dragon (D:9)
  Duvessa (D:6)
  An ice beast (D:5)
  2 orc warriors
  4 centaurs
  A kobold brigand (D:9)
  3 bullfrogs
  4 gnoll sergeants
  A wight (D:9)
  Dowan (D:6)
  3 killer bees (D:8)
  3 howler monkeys
  3 jellies
  3 hounds
  3 orc priests (D:8)
  7 orc wizards
  Ijyb (D:4)
  Natasha (thrice) (D:3)
  3 iguanas
  Robin (D:3)
  19 gnolls
  3 adders
  A shadow imp (D:7)
  3 ufetubi
  2 worms (D:2)
  6 dart slugs
  41 orcs
  11 ball pythons
  6 endoplasms
  5 giant cockroaches
  18 goblins
  9 hobgoblins
  3 quokkas
  5 bats
  2 frilled lizards (D:2)
  10 kobolds
  7 rats
  A butterfly (D:6)
218 creatures vanquished.

Vanquished Creatures (collateral kills)
  A fire dragon (D:9)
  A hydra (D:8)
  A boulder beetle (D:8)
  A two-headed ogre (D:8)
  Maggie (D:7)
  A troll (D:6)
  Prince Ribbit (D:5)
  Sigmund (D:2)
  A wyvern (D:9)
  An orc warrior (D:9)
  An ogre (D:6)
  A centaur (D:9)
  2 killer bees (D:9)
  2 orc priests
  An iguana (D:7)
  2 orc wizards
  An adder (D:2)
  4 orcs
  A ball python (D:2)
  A goblin (D:2)
26 creatures vanquished.

Vanquished Creatures (others)
  Pikel (D:7)
  A troll (D:6)
  2 lemures (D:7)
4 creatures vanquished.

Grand Total: 248 creatures vanquished

Notes
Turn   | Place    | Note
-------+----------+-------------------------------------------
     0 | D:1      | Zeldest the Troll Chaos Knight began the quest for the Orb.
     0 | D:1      | Reached XP level 1. HP: 22/22 MP: 0/0
    44 | D:1      | Found a faded altar of an unknown god.
    50 | D:1      | Reached XP level 2. HP: 29/29 MP: 1/1
   177 | D:1      | Reached skill level 1 in Maces & Flails
   253 | D:1      | XOM: give mutations
   253 | D:1      | Gained mutation: You are agile. (Dex +4, Str/Int -1) [Xom's
                  | mischief]
   253 | D:1      | Gained mutation: You are covered in thick fur. (AC +2)
                  | [Xom's mischief]
   253 | D:1      | Gained mutation: You occasionally shout uncontrollably at
                  | your foes. [Xom's mischief]
   307 | D:1      | XOM: silly message
   463 | D:1      | XOM: god gift: runed scimitar {god gift}
   469 | D:1      | Reached XP level 3. HP: 19/36 MP: 2/2
   525 | D:1      | XOM: god gift: box of beasts
   816 | D:1      | XOM: give mutations
   816 | D:1      | Gained mutation: You are partially covered in large bone
                  | plates. (SH +4) [Xom's grace]
   816 | D:1      | Gained mutation: Your movements are slightly less
                  | encumbered by armour. (ER -2) [Xom's grace]
   816 | D:1      | Gained mutation: You passively map a small area around you.
                  | [Xom's grace]
  1027 | D:2      | Reached skill level 2 in Maces & Flails
  1500 | D:2      | Reached XP level 4. HP: 14/45 MP: 3/3
  1624 | D:2      | Noticed Sigmund
  1632 | D:2      | Killed Sigmund
  1633 | D:2      | Reached skill level 3 in Maces & Flails
  1633 | D:2      | Reached skill level 1 in Throwing
  1633 | D:2      | Reached XP level 5. HP: 45/53 MP: 4/4
  1821 | D:3      | XOM: silly message
  1869 | D:3      | Noticed Robin
  1876 | D:3      | Killed Robin
  1877 | D:3      | Reached XP level 6. HP: 54/61 MP: 5/5
  2055 | D:3      | Noticed Natasha
  2060 | D:3      | XOM: smoke on damage
  2065 | D:3      | Killed Natasha
  2066 | D:3      | Noticed Natasha
  2075 | D:3      | Killed Natasha
  2137 | D:3      | Found an ancient bone altar of Kikubaaqudgha.
  2137 | D:3      | Found a white marble altar of Elyvilon.
  2137 | D:3      | Found a hide-covered altar of Uskayaw.
  2137 | D:3      | Found a glowing silver altar of Zin.
  2162 | D:3      | Noticed Natasha
  2169 | D:3      | Killed Natasha
  2378 | D:4      | Noticed Ijyb
  2385 | D:4      | XOM: summons 4 hostile demons
  2397 | D:4      | Killed Ijyb
  2398 | D:4      | Reached skill level 1 in Evocations
  2702 | D:4      | Found an iron altar of Okawaru.
  2710 | D:4      | Reached skill level 4 in Maces & Flails
  2826 | D:4      | Reached XP level 7. HP: 56/68 MP: 6/6
  2867 | D:4      | XOM: summons 1 hostile demon
  3090 | D:4      | Identified the +0 chain mail of the New World {Dex+4}
  3123 | D:4      | Noticed Eustachio
  3138 | D:4      | Killed Eustachio
  3158 | D:4      | Upgraded the game from 0.30-a0-1123-gabc949cf19 to
                  | 0.30-a0-1124-g6e8f0f562f
  3237 | D:5      | Entered Level 5 of the Dungeon
  3254 | D:5      | Noticed Grinder
  3255 | D:5      | Found a snail-covered altar of Cheibriados.
  3255 | D:5      | XOM: 2-stop teleportation journey
  3266 | D:5      | Killed Grinder
  3430 | D:5      | Noticed Prince Ribbit
  3432 | D:5      | XOM: noise
  3455 | D:5      | Killed Prince Ribbit
  3456 | D:5      | Reached XP level 8. HP: 42/79 MP: 7/7
  3470 | D:5      | Reached skill level 5 in Maces & Flails
  3555 | D:5      | XOM: scenery: 1 doors close
  3699 | D:5      | XOM: scenery: 1 fountains blood, 1 doors open
  3784 | D:6      | XOM: potion effect (invisibility)
  3814 | D:6      | Found a large runed translucent door.
  3815 | D:6      | Found a large runed translucent door.
  3822 | D:6      | Found a shimmering altar of Xom.
  3858 | D:6      | Noticed Duvessa
  3868 | D:6      | Noticed Dowan
  3884 | D:6      | Killed Duvessa
  3885 | D:6      | Reached skill level 5 in Fighting
  3889 | D:6      | Killed Dowan
  3986 | D:6      | Noticed a troll
  3986 | D:6      | XOM: 1-stop teleportation journey
  4051 | D:6      | XOM: 1-stop teleportation journey
  4259 | D:6      | Killed a troll
  4275 | D:6      | XOM: summons 3 hostile shadow creatures
  4343 | D:6      | Reached skill level 5 in Throwing
  4343 | D:6      | Reached XP level 9. HP: 62/88 MP: 8/8
  4436 | D:6      | Found a staircase to the Ecumenical Temple.
  4443 | D:6      | Noticed a troll
  4447 | D:6      | XOM: smoke on damage
  4448 | D:6      | XOM: scenery: create altars
  4449 | D:6      | XOM: smoke on damage
  4453 | D:6      | Killed a troll
  4453 | D:6      | XOM: divine lightning
  4454 | D:6      | Reached skill level 6 in Maces & Flails
  4504 | Temple   | Entered the Ecumenical Temple
  4506 | Temple   | XOM is BORED!
  4506 | Temple   | XOM: summons 5 hostile demons
  4625 | D:7      | Noticed Pikel
  4628 | D:7      | XOM: potion effect (invisibility)
  4645 | D:7      | Killed Pikel
  4645 | D:7      | XOM: destruction
  4708 | D:7      | Noticed Maggie
  4714 | D:7      | XOM: god gift: book of Spatial Translocations
  4728 | D:7      | Killed Maggie
  4920 | D:7      | Noticed a two-headed ogre
  4935 | D:7      | Killed a two-headed ogre
  4936 | D:7      | Reached skill level 7 in Maces & Flails
  4944 | D:7      | XOM: draining
  4977 | D:7      | Reached XP level 10. HP: 87/88 MP: 9/9
  5445 | D:8      | Noticed a boulder beetle
  5454 | D:8      | XOM: cleaving
  5455 | D:8      | XOM: summons 6 friendly demons
  5470 | D:8      | Killed a boulder beetle
  5471 | D:8      | Reached skill level 5 in Evocations
  5559 | D:8      | Noticed a cyclops
  5568 | D:8      | a cyclops changed into a skyshark
  5568 | D:8      | Noticed a skyshark
  5568 | D:8      | XOM: polymorph cyclops -> skyshark
  5578 | D:8      | XOM: silly message
  5580 | D:8      | Noticed a two-headed ogre
  5587 | D:8      | Identified the ring of Vaixetsu {rPois AC+4 Str+2}
  5641 | D:8      | XOM: confuse monster(s)
  5647 | D:8      | a skyshark changed into a glowing orange brain
  5647 | D:8      | Noticed a glowing orange brain
  5647 | D:8      | XOM: polymorph skyshark -> glowing orange brain
  5658 | D:8      | XOM: confuse monster(s)
  5668 | D:8      | Killed a glowing orange brain
  5670 | D:8      | Killed a two-headed ogre
  5685 | D:8      | Noticed a seven-headed hydra
  5693 | D:8      | Killed a seven-headed hydra
  5770 | D:8      | Reached skill level 8 in Maces & Flails
  5854 | D:8      | Found a transporter.
  5854 | D:8      | XOM: 3-stop teleportation journey
  5956 | D:8      | XOM: noise
  6038 | D:8      | Found a radiant altar of Vehumet.
  6058 | D:8      | Noticed crux's ghost (novice OpTm)
  6060 | D:8      | Identified the +7 sling of the Dwarven Hall {flame, +Blink
                  | Stlth+}
  6066 | D:8      | Found a transporter.
  6090 | D:8      | Noticed an ice statue
  6282 | D:8      | Noticed a cyclops
  6288 | D:8      | Killed a cyclops
  6422 | D:9      | Noticed a two-headed ogre
  6429 | D:9      | XOM: confuse monster(s)
  6440 | D:9      | Killed a two-headed ogre
  6444 | D:9      | Reached XP level 11. HP: 79/109 MP: 10/10
  6688 | D:9      | Found a burning altar of Makhleb.
  6704 | D:9      | Identified the +6 war axe of Zuejid {flame, rN+ rCorr
                  | Str+3}
  6739 | D:9      | XOM: divination: magic mapping
  6900 | D:9      | Noticed a fire dragon
  6907 | D:9      | Killed a fire dragon
  6928 | D:9      | XOM: potion effect (invisibility)
  6933 | D:9      | Reached skill level 9 in Maces & Flails
  7233 | D:9      | XOM: stat loss: -1 Int (8/9)
  7486 | D:10     | Entered Level 10 of the Dungeon
  7672 | D:10     | XOM: draining
  7691 | D:10     | Noticed Erica
  7711 | D:10     | Killed Erica
  7754 | D:10     | Found a shimmering blue altar of Sif Muna.
  7822 | D:10     | XOM: scenery: summon butterflies
  7857 | D:10     | XOM: 2-stop teleportation journey
  7860 | D:10     | XOM: noise
  7865 | D:10     | XOM: noise
  7886 | D:10     | Noticed a two-headed ogre
  7889 | D:10     | XOM: stat loss: -1 Int (8/9)
  7891 | D:10     | Killed a two-headed ogre
  7927 | D:10     | Noticed a two-headed ogre
  7947 | D:10     | XOM: silly message
  7948 | D:10     | XOM: god gift: silver javelin
  7955 | D:10     | XOM: swap monsters
  7959 | D:10     | HP: 4/109 [two-headed ogre/+0 giant club (10)]
  7960 | D:10     | Mangled by a troll

Illustrated notes

Levels and vault maps discovered:
D:1:      grunt_arrival_crossed_arrows, layout_basic,
          chequers_ecumenical_altar_simple_redux
D:2:      layout_loops_corners, uniq_sigmund
D:3:      layout_rooms, chequers_temple_overflow_statue_of_worship,
          uniq_natasha, uniq_robin
D:4:      layout_basic, okawaru_altar_gauntlet_db, uniq_eustachio, uniq_ijyb
D:5:      layout_basic, general_overflow_altar, supply_closet_lemuel,
          uniq_prince_ribbit1, uniq_grinder
D:6:      due_chaos_kobolds, layout_loops_ring, minmay_temple_entry_butterflies,
          uniq_duvessa
D:7:      layout_rooms, uniq_pikel, uniq_maggie
D:8:      minmay_tri_box, layout_basic, marbit_many_paths, nzn_ghost_randoct
D:9:      minmay_opposing_rooms, layout_long_grid,
          mainiacjoe_overflow_six_doors_small
D:10:     minmay_four_partial_circles, layout_cave_pods, lemuel_blue_sif_altar,
          enter_bailey_7, ebering_ghost_gozag, uniq_erica
Temple:   nicolae_temple_ecumenical_triangle

Skill      XL: |  1  2  3  4  5  6  7  8  9 10 11 |
---------------+----------------------------------+-----
Maces & Flails | 1 2 3 4 5 7 8 9 |  9.9
Fighting       | 3 4 5 6 7 |  7.3
Throwing       | 1 2 3 5 6 7 |  7.3
Evocations     | 1 2 3 4 6 7 |  7.6
Axes           | |  2.6
Dodging        | |  1.9

Action                     |  1- 3 |  4- 6 |  7- 9 | 10-12 || total
---------------------------+-------+-------+-------+-------++-------
  Melee: Hand axe          |   141 |    19 |       |       ||   160
         Rapier            |       |   130 |   302 |    90 ||   522
         Punch             |       |     2 |     7 |     2 ||    11
         Mace              |       |       |       |    41 ||    41
         Giant club        |       |       |       |   146 ||   146
         Morningstar       |       |       |       |    43 ||    43
  Evoke: Box of beasts     |       |     2 |     1 |     2 ||     5
         Wand              |       |       |       |     2 ||     2
    Use: Scroll            |       |       |     8 |     5 ||    13
         Potion            |       |       |       |     1 ||     1
   Stab: Distracted        |       |     2 |       |     1 ||     3
         Sleeping          |       |       |     1 |     1 ||     2
         Invisible         |       |       |     5 |     4 ||     9
         Confused          |       |       |       |     3 ||     3
 Armour: Robe              |    61 |   106 |    53 |       ||   220
         Troll leather arm |       |       |    72 |   228 ||   300
  Dodge: Dodged            |    75 |    90 |   201 |   230 ||   596
  Block: Other             |    11 |    37 |    66 |    76 ||   190

Table legend: (Time is in decaauts)
 A = Elapsed time spent in this place.
 B = Non-inter-level travel time spent in this place.
 C = Inter-level travel time spent in this place.
 D = Time resting spent in this place.
 E = Time spent auto-exploring this place.
 F = Levels seen in this place.
 G = Mean time per level.
                   A        B        C        D        E       F      G
               +--------+--------+--------+--------+--------+-----+--------+
         Total |   8113 |   7664 |    449 |    603 |   4716 |  11 |  737.5 |
       Dungeon |   8099 |   7650 |    449 |    603 |   4716 |  10 |  809.9 |
        Temple |     14 |     14 |      0 |      0 |      0 |   1 |   14.0 |
               +--------+--------+--------+--------+--------+-----+--------+

Top non-repeatable levels by time:
     D:8: 1117 daAuts
     D:9: 1101 daAuts
     D:4: 969 daAuts
     D:1: 964 daAuts
     D:2: 873 daAuts
     D:6: 836 daAuts
     D:7: 698 daAuts
     D:5: 571 daAuts
     D:3: 485 daAuts
    D:10: 481 daAuts
  Temple: 14 daAuts
